 Seeded DCSS version 0.30.1-9-gdf580d7c3d (webtiles) character file.

Game seed: 9106806156630997546 (custom seed)

129 Psyclone the Conjurer (level 4, -4/24 HPs)
             Began as a Deep Elf Conjurer on Sept 25, 2023.
             Slain by Sigmund
             ... wielding a +4 scythe of flaming
              (13 damage)
             ... on level 3 of the Dungeon.
             The game lasted 00:04:17 (1794 turns).

Psyclone the Conjurer (Deep Elf Conjurer)           Turns: 1794, Time: 00:04:17

Health: -4/24      AC:  2    Str:  4    XL:     4   Next: 88%
Magic:  5/13       EV: 12    Int: 25    God:
Gold:   120        SH:  0    Dex: 13    Spells: 10/13 levels left

rFire   . . .        a - +0 falchion
rCold   . . .        (no shield)
rNeg    . . .        j - +0 robe
rPois   +            (no helmet)
rElec   .            (no cloak)
rCorr   .            (no gloves)
SInv    .            (no boots)
Will    .....        (no amulet)
Stlth   ++           i - ring of poison resistance
HPRegen 0.24/turn    (no ring)
MPRegen 0.13/turn

%: no passive effects
@: no status effects
A: no striking features
a: no special abilities


You were on level 3 of the Dungeon.
You visited 1 branch of the dungeon, and saw 3 of its levels.

You collected 120 gold pieces.

Inventory:

Hand Weapons
 a - a +0 falchion (weapon)
Armour
 j - a +0 robe (worn)
Jewellery
 i - a ring of poison resistance (left hand)
Scrolls
 c - a scroll of teleportation {unknown}
 d - a scroll of blinking {unknown}
 k - a scroll of noise {unknown}
 o - 2 scrolls of enchant armour {unknown}
 p - a scroll of poison {unknown}
Potions
 b - a potion of magic
 e - 4 potions of curing {unknown}
 f - a potion of berserk rage {unknown}
 g - 4 potions of brilliance {unknown}
 h - a potion of lignification {unknown}
 l - 2 potions of attraction {unknown}
 m - 2 potions of might {unknown}
 n - a potion of haste {unknown}


   Skills:
 - Level 2.4 Dodging
 - Level 2.4 Stealth
 + Level 5.3 Spellcasting
 + Level 5.7 Conjurations


You had 10 spell levels left.
You knew the following spells:

 Your Spells              Type           Power      Damage    Failure   Level
a - Magic Dart            Conj           100%       1d8       1%          1
b - Searing Ray           Conj           70%        2d7       1%          2

Your spell library contained the following spells:

 Spells                   Type           Power      Damage    Failure   Level
 Dazzling Flash           Conj/Hex       42%        N/A       8%          3
 Scorch                   Fire           12%        2d6       12%         2
 Flame Wave               Conj/Fire      21%        2d8       24%         4
 Fulminant Prism          Conj/Hex       10%        3d8       24%         4
 Iskenderun's Mystic Bla  Conj/Tloc      21%        2d6       24%         4
 Summon Cactus Giant      Summ           3%         N/A       100%        6


Dungeon Overview and Level Annotations

Branches:
Dungeon (3/15) Zot: 16203

Altars:
Qazlal

Shops:
D:1 =

Annotations:
D:2 1 runed translucent door
D:3 Sigmund


Message History

The magic dart hits the bat!
You kill the bat!
You now have 7/13 mp.
HP restored.
Magic restored.
Found a stone staircase leading down.
Health restored: 24; MP restored: 13 You now have 108 gold pieces (gained 16).
You now have 120 gold pieces (gained 12).
Sigmund the Dreaded comes into view.
He is wielding a +4 scythe of flaming.
Found an escape hatch in the ceiling.
Casting: Magic Dart (safe; 1% risk of failure)
Confirm with . or Enter, or press ? or * to list all spells.
Aiming: Searing Ray (safe; 1% risk of failure)
Press: ? - help, Shift-Dir - straight line, f - Sigmund
Aim: Sigmund, wielding a +4 scythe of flaming and wearing a +0 robe (78% to hit)
The searing ray hits Sigmund!
Sigmund is moderately wounded. (Press . to maintain the ray.) Sigmund mumbles some strange words.
Sigmund flickers and vanishes!
Deactivating autopickup; reactivate with Ctrl-A.
You now have 11/13 mp.
The searing ray hits something.
You now have 10/13 mp.
The searing ray hits something.
You now have 9/13 mp.
The searing ray hits something.
You finish channelling your searing ray.
Something hits you! Something burns you.
You take 15 damage, and have 9/24 hp.
MASSIVE DAMAGE!!
You now have 8/13 mp.
Casting: Searing Ray (safe; 1% risk of failure)
Confirm with . or Enter, or press ? or * to list all spells.
Aiming: Searing Ray (safe; 1% risk of failure)
Press: ? - help, Shift-Dir - straight line (Press . to maintain the ray.)
You now have 6/13 mp.
The searing ray hits something.
Something hits you!
Ouch! That really hurt!
You die...

.. #.# #....## ..
..###.....########
..
####..............
##.....########
#....## #.#.##
#.###.#######
#......<.....
#####@######. #.#
#.# #.# #.# ..#
###


There were no monsters in sight!

Vanquished Creatures
  Jessica (D:2)
  Natasha (twice) (D:3)
  Robin (D:2)
  A worm (D:2)
  A dart slug (D:2)
  3 ball pythons
  4 bats
  2 endoplasms
  A giant cockroach (D:2)
  12 goblins
  3 jackals (D:2)
  5 kobolds
  2 frilled lizards (D:1)
  A rat (D:1)
39 creatures vanquished.

Notes
Turn   | Place    | Note
-------+----------+-------------------------------------------
     0 | D:1      | Psyclone the Deep Elf Conjurer began the quest for the Orb.
     0 | D:1      | Reached XP level 1. HP: 10/10 MP: 6/6
   301 | D:1      | Reached XP level 2. HP: 15/15 MP: 3/8
   345 | D:1      | Found Cetaas's Jewellery Emporium.
   731 | D:2      | Found a stormy altar of Qazlal.
  1126 | D:2      | Noticed Robin
  1147 | D:2      | Learned a level 2 spell: Searing Ray
  1147 | D:2      | Killed Robin
  1148 | D:2      | Reached skill level 5 in Conjurations
  1148 | D:2      | Reached XP level 3. HP: 19/19 MP: 5/10
  1419 | D:2      | Noticed Jessica
  1422 | D:2      | Killed Jessica
  1423 | D:2      | Reached XP level 4. HP: 24/24 MP: 7/12
  1662 | D:2      | Found a runed translucent door.
  1683 | D:3      | Noticed Natasha
  1686 | D:3      | Killed Natasha
  1687 | D:3      | Reached skill level 5 in Spellcasting
  1715 | D:3      | Noticed Natasha
  1718 | D:3      | Killed Natasha
  1786 | D:3      | Noticed Sigmund
  1794 | D:3      | Slain by Sigmund

Illustrated notes

Levels and vault maps discovered:
D:1:      onia_arrival_mini_spirals, layout_loops_ring, serial_shops, shop
D:2:      layout_rooms, basic_altar, reono_crystal_passage, minmay_tetromino_l2,
          uniq_robin, uniq_jessica, uniq_crazy_yiuf_cottage
D:3:      layout_loops_ring, uniq_sigmund, uniq_natasha

Skill      XL: |  1  2  3  4 |
---------------+-------------+-----
Spellcasting   | 4 5 |  5.3
Conjurations   | 5 |  5.7
Dodging        | |  2.4
Stealth        | |  2.4

Action                     |  1- 3 |  4- 6 || total
---------------------------+-------+-------++-------
  Melee: Falchion          |    10 |       ||    10
         Punch             |     1 |       ||     1
   Cast: Magic Dart        |    45 |     9 ||    54
         Searing Ray       |     3 |     4 ||     7
   Stab: Distracted        |     1 |       ||     1
 Armour: Robe              |     3 |       ||     3
  Dodge: Dodged            |    13 |       ||    13
